 Dungeon Crawl Stone Soup version 0.19.4-8-ga85b6b9 (webtiles) character file.

394 Jynx the Cudgeler (level 6, -1/57 HPs)
             Began as a Minotaur Fighter on Feb 11, 2017.
             Was a Follower of Okawaru.
             Killed from afar by an orc wizard (4 damage)
             ... with a magic dart
             ... on level 5 of the Dungeon.
             The game lasted 00:05:24 (3431 turns).

Jynx the Cudgeler (Minotaur Fighter)                Turns: 3431, Time: 00:05:25

Health: -1/57      AC: 11    Str: 21    XL:     6   Next: 52%
Magic:  5/5        EV:  7    Int:  5    God:    Okawaru [*.....]
Gold:   134        SH:  0    Dex: 11    Spells: 0 memorised, 5 levels left

rFire  . . .     SeeInvis .     a - +1 flail
rCold  + . .     Gourm    .     C - +2 chain mail {rC+}
rNeg   . . .     Faith    .     (no shield)
rPois  .         Spirit   .     (helmet restricted)
rElec  .         Reflect  .     (no cloak)
rCorr  .         Harm     .     (no gloves)
MR     .....                    (no boots)
Stlth  ..........               (no amulet)
                                (no ring)
                                (no ring)

@: very slightly contaminated
A: retaliatory headbutt, horns 2
a: Heroism, Renounce Religion


You were on level 5 of the Dungeon.
You worshipped Okawaru.
Okawaru was aware of your devotion.
You were not hungry.

You visited 1 branch of the dungeon, and saw 5 of its levels.

You collected 134 gold pieces.

Inventory:

Hand Weapons
 a - a +1 flail (weapon)
Armour
 c - a +0 shield
 C - a +2 chain mail of cold resistance (worn)
Jewellery
 b - a +2 ring of intelligence
 p - an uncursed ring of see invisible
Wands
 D - a wand of polymorph (19/24)
Potions
 d - 4 potions of might
 e - 2 potions of berserk rage
 h - a potion of mutation
 j - 4 potions of degeneration
 l - a potion of resistance {unknown}
 o - a potion of lignification {unknown}
 r - 2 potions of flight {unknown}
 t - 2 potions of haste {unknown}
 v - 2 potions of ambrosia {unknown}
 w - a potion of brilliance {unknown}
 x - a potion of invisibility {unknown}
 A - 2 potions of heal wounds {unknown}
Comestibles
 f - 6 bread rations
 k - 2 meat rations
 m - 2 fruits
 E - a beef jerky


   Skills:
 + Level 5.7 Fighting
 * Level 7.2 Maces & Flails
 - Level 3.6 Armour
 - Level 3.6 Shields


You had 5 spell levels left.
You didn't know any spells.

Dungeon Overview and Level Annotations

Branches:
Dungeon (5/15)
 Temple: D:4-7

Altars:
Ashenzari
Okawaru
Ru


Innate Abilities, Weirdness & Mutations

You reflexively headbutt those who attack you in melee.
You have a pair of horns on your head.


Message History

The orc barely misses you. The orc priest closely misses you.
You hit the orc wizard but do no damage.
The orc wizard hits you but does no damage.
The orc hits you but does no damage.
The orc priest miscasts a cantrip.
The orc wizard hits you but does no damage.
You are electrocuted!
* * * LOW HITPOINT WARNING * * *
Blink to where?
Press: ? - help, Dir - move target cursor You are very lightly contaminated with residual magic.
As you read the scroll of blinking, it crumbles to dust.
The orc wizard casts a spell at you. The magic dart hits you!
Found an amethyst potion.
The orc wizard points at you and mumbles some strange words.
The magic dart hits you!
The orc wizard gestures at you while chanting.
The magic dart hits you!
You die...

####.#.####...#
#.##.....#.....#
.........##.o.#
#.#####..#.##..#
####.#.#.##...###.#
#........#
....o#...oo...o.#.#
##.#.#####
##o######{#...#o#.#
#.#.# #o#
#.#####.#.# #.#.#
##.### #.. #.#.#
#.# .oo..# ##..
#.#.### #.# .oo..#
... #.@...# #.#
........
.........#.# #.#
.....######.#####.#
#.#### .>...# !#
#....# .....# ..
####.### .....# .#.
#...# .....# ....
#<#.# .. . #.#.#
#.#.#


You could see an orc wizard and an orc.

Vanquished Creatures
  A bullfrog (D:4)
  Natasha (thrice) (D:2)
  An iguana (D:4)
  An orc wizard (D:4)
  3 gnolls (D:3)
  9 adders
  A worm (D:2)
  4 dart slugs
  3 leopard geckos
  6 orcs
  5 giant cockroaches
  8 hobgoblins
  2 quokkas
  2 ball pythons
  6 bats
  8 frilled lizards
  10 goblins
  8 kobolds
  7 rats
88 creatures vanquished.

Notes
Turn   | Place    | Note
-------+----------+-------------------------------------------
     0 | D:1      | Jynx the Minotaur Fighter began the quest for the Orb.
     0 | D:1      | Reached XP level 1. HP: 19/19 MP: 0/0
   201 | D:1      | Reached skill level 3 in Maces & Flails
   324 | D:1      | Reached XP level 2. HP: 27/27 MP: 1/1
   332 | D:1      | Found a shattered altar of Ashenzari.
   696 | D:2      | Reached skill level 4 in Maces & Flails
   696 | D:2      | Reached XP level 3. HP: 23/33 MP: 2/2
   705 | D:2      | Found an iron altar of Okawaru.
   824 | D:2      | Became a worshipper of Warmaster Okawaru
  1086 | D:2      | Noticed Natasha
  1091 | D:2      | Reached XP level 4. HP: 39/41 MP: 3/3
  1113 | D:2      | Killed Natasha
  1113 | D:2      | Reached skill level 5 in Maces & Flails
  1660 | D:2      | Noticed Natasha
  1667 | D:2      | Killed Natasha
  1798 | D:2      | Noticed Natasha
  1805 | D:2      | Killed Natasha
  1805 | D:2      | Reached XP level 5. HP: 35/47 MP: 4/4
  1956 | D:3      | Reached skill level 5 in Fighting
  1968 | D:3      | Reached * piety under Okawaru
  2143 | D:3      | Reached skill level 6 in Maces & Flails
  2529 | D:4      | Found a sacrificial altar of Ru.
  2742 | D:4      | Reached XP level 6. HP: 56/56 MP: 5/5
  2864 | D:4      | Reached skill level 7 in Maces & Flails
  3316 | D:5      | Entered Level 5 of the Dungeon
  3427 | D:5      | HP: 2/57 [orc wizard/dagger of electrocution (15)]
  3431 | D:5      | Killed from afar by an orc wizard

Skill      XL: |  1  2  3  4  5  6 |
---------------+-------------------+-----
Maces & Flails | 3 4 5 6 7 |  7.2
Fighting       | 4 5 |  5.7
Armour         | |  3.6
Shields        | |  3.6

Action                   |  1- 3 |  4- 6 || total
-------------------------+-------+-------++-------
Melee: Flail             |    95 |   144 ||   239
       Headbutt          |    12 |    17 ||    29
  Use: Scroll            |       |    14 ||    14
  Eat: Chunk             |     1 |     7 ||     8
Armor: Scale mail        |    41 |    36 ||    77
       Chain mail        |       |    25 ||    25
Dodge: Dodged            |    21 |    70 ||    91
Block: Shield            |    52 |     4 ||    56
